 Dungeon Crawl Stone Soup version 0.17-a0-435-gc4df345 (webtiles) character file.

0 krae the Insei (level 1, 0/13 HPs)
             Began as an Octopode Transmuter on Apr 4, 2015.
             Slain by a kobold
             ... wielding a +2 dagger of draining
              (5 damage)
             ... on level 1 of the Dungeon.
             The game lasted 00:00:55 (261 turns).

krae the Insei (Octopode Transmuter)                 Turns: 261, Time: 00:00:55

Health: 0/13       AC:  1    Str:  9    XL:     1   Next: 10%
Magic:  1/3        EV: 12    Int: 15    God:
Gold:   7          SH:  0    Dex: 12    Spells: 1 memorised, 3 levels left

rFire  . . .     SeeInvis .       - Unarmed
rCold  . . .     Clarity  .     (no shield)
rNeg   . . .     SustAb   .     (helmet restricted)
rPois  +         Gourm    .     (no amulet)
rElec  .         Spirit   .     g - ring of poison resistance
rCorr  .         Warding  .     (no ring)
rMut   .         Stasis   .     (no ring)
MR     .....                    (no ring)
Stlth  ++........               (no ring)
                                (no ring)
                                (no ring)
                                (no ring)

@: appendage, very slightly contaminated, drained, not resistant to hostile
enchantments, unstealthy
A: almost no armour, amphibious, 8 rings, constrict 8, tentacle spike 3,
camouflage 1, gelatinous body 1
a: End Transformation


You were on level 1 of the Dungeon.
You were not hungry.
One of your tentacles had a temporary spike.
You visited 1 branch of the dungeon, and saw 1 of its levels.

You collected 7 gold pieces.


Innate Abilities, Weirdness & Mutations

You cannot wear most types of armour.
You are amphibious.
You can wear up to eight rings at the same time.
You can use your tentacles to constrict eight enemies at once.
Your skin changes colour to match your surroundings (Stealth).
Your rubbery body absorbs attacks (AC +1).
One of your tentacles bears a large vicious spike.


   Skills:
 - Level 1.0(0.3) Fighting
 - Level 2.0(1.3) Dodging
 + Level 3.0(2.3) Unarmed Combat
 - Level 2.0(1.3) Spellcasting
 - Level 2.0(1.3) Transmutations


You had 3 spell levels left.
You knew the following spells:

 Your Spells              Type           Power        Failure   Level  Hunger
z - Beastly Appendage     Trmt           #.....       14%         1    ##.....

Inventory:

Missiles
 b - 12 arrows
Jewellery
 g - a ring of poison resistance (left tentacle)
Scrolls
 h - a scroll of remove curse {unknown}
Potions
 c - a potion of ambrosia {unknown}
 e - a potion of brilliance {unknown}
 f - a potion of might {unknown}
Books
 d - a book of Changes
Comestibles
 a - 2 bread rations

Dungeon Overview and Level Annotations

Branches:
Dungeon (1/15)

Altars:

........ .g......# ........#
........# .........#####.#
......!.......£#
..#######.####.# #.K# .
##x#######+# #. ##.........##
#. ##...#####...# #.
##.#.#.###.#.#.# #. #
##.##.##.#.##.##.# #. ###.
##.###.###.###.# #.###.
......##.####.##.#.##.####.##.
#..'.........###.........'.
......#..####.### ###.####..#.


You could see a kobold.


Message History

You are very lightly contaminated with residual magic.
Your skin tingles.
One of your tentacles grows a vicious spike.
You closely miss the kobold. Your grab misses the kobold.
Your tentacle spike misses the kobold.
The kobold hits you but does no damage.
You feel drained.
You barely miss the kobold. Your grab misses the kobold.
Your squeeze misses the kobold. The kobold misses you.
You miss the kobold. You grab the kobold.
You pierce the kobold, but do no damage.
You squeeze the kobold.
The kobold is moderately wounded.
The kobold hits you with a dagger of draining.
You feel drained.
Unknown command.
You tentacle-slap the kobold but do no damage.
The kobold is moderately wounded.
The kobold hits you with a dagger of draining.
You feel drained.
* * * LOW HITPOINT WARNING * * *
You barely miss the kobold.
You pierce the kobold, but do no damage.
The kobold is moderately wounded.
You constrict the kobold. The kobold misses you.
You completely miss the kobold.
You pierce the kobold, but do no damage.
The kobold is heavily wounded.
You constrict the kobold.
The kobold hits you with a dagger of draining.
You die...

Action                   || total
-------------------------++-------
Melee: Unarmed           ||     7
 Cast: Beastly Appendage ||     1

Vault maps used:
D:1:      roderic_octagonal_star, corner_web_ring

Notes
Turn   | Place    | Note
--------------------------------------------------------------
     0 | D:1      | krae, the Octopode Transmuter, began the quest for the Orb.
     0 | D:1      | Reached XP level 1. HP: 13/13 MP: 3/3
   261 | D:1      | Slain by a kobold

Vanquished Creatures
  A giant newt (D:1)
1 creature vanquished.
